 Dungeon Crawl Stone Soup version 0.26-a0-846-gcc8f1ee719 (webtiles) character file.

Game seed: 17496842715584795783

2996 marklar909 the Slinger (level 10, -1/69 HPs)
             Began as a Halfling Hunter on Nov 20, 2020.
             Was a Priest of Okawaru.
             Slain by an orc warrior
             ... wielding a cursed -3 flail
              (14 damage)
             ... on level 8 of the Dungeon.
             The game lasted 00:10:37 (8041 turns).

marklar909 the Slinger (Halfling Hunter)            Turns: 8041, Time: 00:10:38

Health: -1/69      AC: 13    Str: 14    XL:     10   Next: 9%
Magic:  11/12      EV: 20    Int:  9    God:    Okawaru [***...]
Gold:   301        SH:  0    Dex: 18    Spells: 9/9 levels left

rFire    . . .     SeeInvis .   a - +1 hunting sling
rCold    + . .     Faith    .   (shield restricted)
rNeg     . . .     Spirit   .   u - +2 ring mail {rC+}
rPois    .         Reflect  .   c - +0 helmet
rElec    .         Harm     .   l - +0 cloak (curse)
rCorr    .         Rampage  .   (no gloves)
MR       .....                  h - +0 pair of boots
Stlth    +++.......             (no amulet)
HPRegen  0.21/turn              (no ring)
MPRegen  0.13/turn              (no ring)

@: lethally poisoned (-1 -> -2), heroism
A: small, mutation resistance 1
a: Heroism, Renounce Religion


You were on level 8 of the Dungeon.
You worshipped Okawaru.
Okawaru was most pleased with you.
You visited 1 branch of the dungeon, and saw 8 of its levels.

You collected 405 gold pieces.
You spent 104 gold pieces at shops.

Inventory:

Hand Weapons
 a - a +1 hunting sling (weapon)
 b - a +0 short sword
Missiles
 d - 52 sling bullets (quivered)
 f - 112 stones
Armour
 c - a +0 helmet (worn)
 h - a +0 pair of boots (worn)
 l - a cursed +0 cloak (worn)
 u - a +2 ring mail of cold resistance (worn)
 y - the +0 robe of Dim Light {Regen+ Dex+5, unknown}
   (You found it on level 7 of the Dungeon)

   It affects your dexterity (+5).
   It increases your rate of regeneration.
Wands
 p - a wand of flame (42)
Scrolls
 e - 10 scrolls of identify
 j - 3 scrolls of magic mapping
 m - 3 scrolls of remove curse
 q - a scroll of blinking {unknown}
 r - a scroll of brand weapon {unknown}
 s - 2 scrolls of amnesia
 t - a scroll of teleportation
 A - a scroll of immolation {unknown}
Potions
 g - 2 potions of cancellation
 i - a potion of might {unknown}
 k - a potion of flight {unknown}
 n - 2 potions of lignification {unknown}
 o - 2 potions of haste {unknown}
 v - 4 potions of invisibility {unknown}
 w - a potion of attraction
 x - 2 potions of curing
 z - a potion of brilliance {unknown}


   Skills:
 + Level 6.6(11.6) Fighting
 + Level 13.6(18.6) Slings
 + Level 4.5(9.5) Armour
 * Level 4.9(9.9) Dodging
 + Level 1.7(6.7) Stealth
 * Level 2.7 Invocations
 + Level 0.1 Evocations


You had 9 spell levels left.
You didn't know any spells.
Your spell library was empty.

Dungeon Overview and Level Annotations

Branches:
Dungeon (8/15)             Temple (0/1) D:5
   Lair: D:8-11

Altars:
Cheibriados
Hepliaklqana
Kikubaaqudgha
Nemelex Xobeh
Okawaru
Qazlal
Ru
Sif Muna
Vehumet
Yredelemnul
Beogh

Shops:
D:4 !

Annotations:
D:6 3 runed translucent doors, Midn8's ghost, novice MfGl


Innate Abilities, Weirdness & Mutations

You are small and have problems with some larger weapons.
You are somewhat resistant to further mutation.


Message History

Firing (i - inventory. (/) - cycle)
d - 55 sling bullets (quivered)
Press: ? - help, Shift-Dir - straight line, f/p - orc warrior
Aim: an orc warrior, wielding a -3 flail and wearing a cursed +0 plate armour (moderately wounded)
You shoot a sling bullet. The sling bullet hits the orc warrior.
The orc warrior is heavily wounded.
You feel sick. The orc warrior barely misses you.
Unknown command.
Firing (i - inventory. (/) - cycle)
d - 54 sling bullets (quivered)
Press: ? - help, Shift-Dir - straight line, f/p - orc warrior
Aim: an orc warrior, wielding a -3 flail and wearing a cursed +0 plate armour (heavily wounded)
You shoot a sling bullet.
The sling bullet hits the orc warrior but does no damage.
The orc warrior is heavily wounded.
Firing (i - inventory. (/) - cycle)
d - 53 sling bullets (quivered)
Press: ? - help, Shift-Dir - straight line, f/p - orc warrior
Aim: an orc warrior, wielding a -3 flail and wearing a cursed +0 plate armour (heavily wounded)
You shoot a sling bullet. The sling bullet hits the orc warrior.
The orc warrior is heavily wounded.
The orc warrior hits you with a cursed -3 flail!
You die...

#####.## #. #.##
#. ##.## #.
###.≈####.
#########..≈≈.....
#...........≈.....
#.############.##.
#.# .##. #@# # #o#
#o# .#######o#####
.[...Z.oZ....#
#######.####.#
.............#
#######.###..# #(#
#


You could see 2 orc warriors, an orc priest, an orc and an adder skeleton.

Vanquished Creatures
  Joseph (D:7)
  Prince Ribbit (D:7)
  Duvessa (D:6)
  A water moccasin (D:7)
  An orc warrior (D:7)
  4 ogres
  An ice beast (D:8)
  3 sky beasts
  2 centaurs (D:7)
  Blork the orc (D:6)
  5 bullfrogs
  Dowan (D:6)
  A scorpion (D:6)
  3 hounds
  2 orc priests
  3 orc wizards
  A gnoll shaman (D:6)
  3 iguanas
  4 worker ants
  2 hound skeletons
  A mummy (D:6)
  13 gnolls
  10 adders
  A shadow imp (D:7)
  3 oozes
  2 worms
  8 leopard geckos
  16 orcs
  3 ball pythons
  7 bats
  2 bat zombies (D:5)
  3 giant cockroaches
  7 goblins
  4 hobgoblins
  11 jackals
  3 quokkas
  8 frilled lizards
  9 kobolds
  2 leopard gecko skeletons (D:4)
  A quokka skeleton (D:4)
  5 rats
160 creatures vanquished.

Notes
Turn   | Place    | Note
-------+----------+-------------------------------------------
     0 | D:1      | marklar909 the Halfling Hunter began the quest for the Orb.
     0 | D:1      | Reached XP level 1. HP: 14/14 MP: 1/1
    37 | D:1      | Reached skill level 6 in Slings
   249 | D:1      | Reached XP level 2. HP: 19/19 MP: 2/2
   399 | D:1      | Reached XP level 3. HP: 23/24 MP: 3/3
   504 | D:1      | Found an iron altar of Okawaru.
   522 | D:1      | Became a worshipper of Warmaster Okawaru
   631 | D:1      | Reached skill level 7 in Slings
  1064 | D:2      | Reached XP level 4. HP: 29/29 MP: 4/4
  1127 | D:2      | Reached skill level 1 in Armour
  1761 | D:3      | Reached XP level 5. HP: 18/35 MP: 5/5
  1769 | D:3      | Reached skill level 8 in Slings
  2813 | D:4      | Reached XP level 6. HP: 41/41 MP: 6/6
  2876 | D:4      | Noticed an ogre
  2885 | D:4      | Killed an ogre
  2976 | D:4      | Reached skill level 9 in Slings
  3069 | D:4      | Found Qiquonwi's Distillery.
  3072 | D:4      | Bought a potion of heal wounds for 65 gold pieces
  3072 | D:4      | Bought a potion of curing for 39 gold pieces
  3328 | D:5      | Entered Level 5 of the Dungeon
  3488 | D:5      | Found an ancient bone altar of Kikubaaqudgha.
  3608 | D:5      | Reached XP level 7. HP: 46/46 MP: 7/7
  3628 | D:5      | Found a staircase to the Ecumenical Temple.
  3694 | D:5      | Reached * piety under Okawaru
  3697 | D:5      | Reached skill level 10 in Slings
  3795 | D:5      | Found a stormy altar of Qazlal.
  4521 | D:6      | Found a runed translucent gate.
  4521 | D:6      | Found a runed translucent gate.
  4521 | D:6      | Noticed Midn8's ghost (novice MfGl)
  4521 | D:6      | Identified the +1 trident "Optiran" {elec, +Rage Stlth+}
  4521 | D:6      | Identified the cursed +1 chain mail of Gurits {rCorr}
  4522 | D:6      | Found a runed translucent gate.
  4523 | D:6      | Found a roughly hewn altar of Beogh.
  4545 | D:6      | Found a snail-covered altar of Cheibriados.
  4553 | D:6      | Reached XP level 8. HP: 54/54 MP: 8/8
  4607 | D:6      | Noticed Blork the orc
  4627 | D:6      | Killed Blork the orc
  4628 | D:6      | Reached skill level 11 in Slings
  4722 | D:6      | Reached ** piety under Okawaru
  4841 | D:6      | Noticed Dowan
  4845 | D:6      | Noticed Duvessa
  4880 | D:6      | Killed Duvessa
  4902 | D:6      | Killed Dowan
  5018 | D:6      | Reached skill level 5 in Fighting
  5467 | D:6      | Found a hazy altar of Hepliaklqana.
  5692 | D:7      | Found a shimmering blue altar of Sif Muna.
  5716 | D:7      | Reached skill level 12 in Slings
  5763 | D:7      | Reached *** piety under Okawaru
  5764 | D:7      | Reached XP level 9. HP: 54/61 MP: 9/9
  5895 | D:7      | Noticed Prince Ribbit
  5913 | D:7      | Killed Prince Ribbit
  6034 | D:7      | Noticed Joseph
  6061 | D:7      | Killed Joseph
  6062 | D:7      | Reached skill level 13 in Slings
  6062 | D:7      | Reached skill level 1 in Invocations
  7166 | D:7      | Got an opalescent robe
  7254 | D:7      | Reached **** piety under Okawaru
  7419 | D:7      | Noticed a gargoyle
  7483 | D:8      | Found a sparkling altar of Nemelex Xobeh.
  7483 | D:8      | Found a sacrificial altar of Ru.
  7483 | D:8      | Found a basalt altar of Yredelemnul.
  7493 | D:8      | Reached XP level 10. HP: 40/69 MP: 8/11
  7497 | D:8      | HP: 3/69 [ogre/+0 giant spiked club (15)]
  7991 | D:8      | Found a radiant altar of Vehumet.
  8041 | D:8      | Slain by an orc warrior

Illustrated notes

Levels and vault maps discovered:
D:1:      dpeg_arrival_shrine, layout_rooms, roderic_cross_of_infinity,
          okawaru_ov_weapons_minmay
D:2:      layout_loops_ring
D:3:      layout_basic, chequers_serial_rivers_large_b
D:4:      layout_cave_pools, serial_shops, kennysheep_mini
D:5:      minmay_diamond_boxcup, layout_basic, lemuel_round_altar,
          lemuel_zombie_altar_kikubaaqudgha, minmay_temple_entry_glassed_door,
          grunt_decor_mini_mirrors
D:6:      layout_basic, marbit_many_paths, slow_altar_1,
          biasface_ghost_orc_armoury, uniq_duvessa, uniq_blork_the_orc
D:7:      cheibrodos_statue_roulette, layout_loops_ring, old_standard_altar,
          uniq_prince_ribbit1, uniq_joseph
D:8:      layout_loops_ring, vehumet_crystals,
          gammafunk_temple_overflow_forgotten, chequers_serial_rivers_small_b,
          uniq_psyche

Skill      XL: |  1  2  3  4  5  6  7  8  9 |
---------------+----------------------------+-----
Slings         | 6 7 8 9 10 12 13 | 13.6
Fighting       | 2 3 5 6 |  6.6
Armour         | 1 2 3 4 |  4.5
Dodging        | 3 4 |  4.9
Invocations    | 2 |  2.7
Stealth        | |  1.7
Evocations     | |  0.1

Action                   |  1- 3 |  4- 6 |  7- 9 | 10-12 || total
-------------------------+-------+-------+-------+-------++-------
Melee: Hunting sling     |       |       |     2 |       ||     2
 Fire: Hunting sling     |   105 |   230 |   488 |    73 ||   896
Invok: Heroism           |       |       |     6 |     1 ||     7
Evoke: Wand              |       |       |     2 |       ||     2
  Use: Scroll            |       |       |    12 |       ||    12
       Potion            |       |       |     4 |       ||     4
Armor: Leather armour    |     7 |       |       |       ||     7
       Ring mail         |       |    32 |    57 |     1 ||    90
Dodge: Dodged            |    28 |    54 |   110 |    18 ||   210

Table legend: (Time is in decaauts)
 A = Elapsed time spent in this place.
 B = Non-inter-level travel time spent in this place.
 C = Inter-level travel time spent in this place.
 D = Time resting spent in this place.
 E = Time spent auto-exploring this place.
 F = Levels seen in this place.
 G = Mean time per level.
                   A        B        C        D        E       F      G
               +--------+--------+--------+--------+--------+-----+--------+
         Total |   7771 |   7285 |    486 |    322 |   5846 |   8 |  971.4 |
       Dungeon |   7771 |   7285 |    486 |    322 |   5846 |   8 |  971.4 |
               +--------+--------+--------+--------+--------+-----+--------+

Top non-repeatable levels by time:
     D:7: 2038 daAuts
     D:6: 1306 daAuts
     D:2: 983 daAuts
     D:5: 971 daAuts
     D:1: 969 daAuts
     D:4: 755 daAuts
     D:3: 562 daAuts
     D:8: 183 daAuts
